 Dungeon Crawl Stone Soup version 0.23-b1-6-ga921848 (webtiles) character file.

Game seed: 3393380661031316387

141264 poirepourri the Warrior (level 17, -1/115 HPs)
             Began as a Gargoyle Fighter on Feb 2, 2019.
             Was the Champion of Cheibriados.
             Slain by the 27-headed Lernaean hydra (5 damage)
             ... on level 4 of the Swamp.
             The game lasted 00:38:10 (27192 turns).

poirepourri the Warrior (Gargoyle Fighter)         Turns: 27192, Time: 00:38:11

Health: -1/115     AC: 47    Str: 41    XL:     17   Next: 32%
Magic:  17/17      EV: 28    Int: 25    God:    Cheibriados [******]
Gold:   1505       SH: 29    Dex: 34    Spells: 16/16 levels left

rFire    . . .     SeeInvis +   t - +9 eveningstar (protect)
rCold    . . .     Gourm    .   c - +5 shield
rNeg     + . .     Faith    .   p - +5 scale mail of Kotegaomnuff {rPois}
rPois    ∞         Spirit   .   J - +2 hat {MR+}
rElec    +         Reflect  +   x - +2 cloak
rCorr    .         Harm     .   (no gloves)
MR       ++...                  k - +1 pair of boots
Stlth    ++........             y - +6 amulet of reflection
HPRegen  0.29/turn              d - +4 ring of protection
MPRegen  0.15/turn              i - ring of see invisible

@: mighty, agile, about to teleport, protection aura, very slow
A: big wings, negative energy resistance 1, electricity resistance, unbreathing,
petrification resistance, rot immunity, AC +12
a: Fly, Bend Time, Temporal Distortion, Slouch, Step From Time, Renounce
Religion


You were on level 4 of the Swamp.
You worshipped Cheibriados.
Cheibriados was exalted by your worship.
You were full.

You visited 4 branches of the dungeon, and saw 26 of its levels.
You visited the Abyss 1 time.
You also visited: Sewer and Ice Cave.

You collected 2020 gold pieces.
You spent 515 gold pieces at shops.

Inventory:

Hand Weapons
 j - a +9 morningstar of crushing
 t - a +9 eveningstar of protection (weapon)
Missiles
 a - 194 bolts
 r - 10 tomahawks
 z - 5 javelins
 H - 4 poisoned tomahawks (quivered)
Armour
 c - a +5 shield (worn)
 k - a +1 pair of boots (worn)
 p - the +5 scale mail of Kotegaomnuff (worn) {rPois}
   (You found it on level 2 of the Swamp)

   It protects you from poison.
 x - a +2 cloak (worn)
 G - a scarf of cloud immunity
 J - a +2 hat of magic resistance (worn)
Jewellery
 d - a +4 ring of protection (left hand)
 i - a ring of see invisible (right hand)
 l - an uncursed amulet of the gourmand
 m - a +2 ring of slaying
 v - an uncursed ring of positive energy
 y - a +6 amulet of reflection (around neck)
 F - an uncursed ring of protection from fire
 L - an uncursed ring of protection from fire
 N - an uncursed amulet of regeneration
Wands
 o - a wand of flame (33)
 D - a wand of paralysis (10)
 E - a wand of enslavement (7)
 M - a wand of disintegration (13)
 Q - a wand of polymorph (20)
 U - a wand of iceblast (4)
Scrolls
 n - 2 scrolls of teleportation
 q - 13 scrolls of identify
 s - 3 scrolls of magic mapping
 w - 8 scrolls of remove curse
 A - a scroll of enchant weapon
 B - 2 scrolls of fog
 R - 3 scrolls of holy word
Potions
 e - 2 potions of magic
 g - 6 potions of cancellation
 u - 3 potions of mutation
 C - 2 potions of might
Comestibles
 f - 17 rations


   Skills:
 - Level 16.1 Fighting
 - Level 14.0 Maces & Flails
 - Level 15.3 Armour
 + Level 9.7 Dodging
 - Level 15.4 Shields


You had 16 spell levels left.
You didn't know any spells.
Your spell library contained the following spells:

 Spells                   Type           Power        Failure   Level  Hunger
 Flame Tongue             Conj/Fire      #....        21%         1    ##.....
 Magic Dart               Conj           #...         21%         1    ##.....
 Sandblast                Erth           #.....       21%         1    ##.....
 Shock                    Conj/Air       #...         21%         1    ##.....
 Passwall                 Tmut/Erth      #.......     30%         2    ###....
 Searing Ray              Conj           #.....       30%         2    ###....
 Swiftness                Chrm/Air       #.......     30%         2    ###....
 Throw Flame              Conj/Fire      #.....       30%         2    ###....
 Conjure Flame            Conj/Fire      #.......     52%         3    ####...
 Dazzling Spray           Conj/Hex       #.....       52%         3    ####...
 Inner Flame              Hex/Fire       #.......     52%         3    ####...
 Recall                   Summ/Tloc      N/A          52%         3    ####...
 Static Discharge         Conj/Air       #.......     52%         3    ####...
 Stone Arrow              Conj/Erth      #.....       52%         3    ####...
 Airstrike                Air            #.........   89%         4    #####..
 Force Lance              Conj/Tloc      #.......     89%         4    #####..
 Fulminant Prism          Conj/Hex       #.........   89%         4    #####..
 Ice Form                 Ice/Tmut       #.......     89%         4    #####..
 Iskenderun's Mystic Bla  Conj           #.......     89%         4    #####..
 Petrify                  Tmut/Erth      #.......     89%         4    #####..
 Sticky Flame             Conj/Fire      #.......     89%         4    #####..
 Summon Lightning Spire   Summ/Air       #.......     89%         4    #####..
 Aura of Abjuration       Summ           #.........   99%         5    ######.
 Fireball                 Conj/Fire      #.........   99%         5    ######.
 Lee's Rapid Deconstruct  Erth           #.........   99%         5    ######.
 Lightning Bolt           Conj/Air       #.........   99%         5    ######.
 Metabolic Englaciation   Hex/Ice        #.........   99%         5    ######.
 Silence                  Hex/Air        #.........   99%         5    ######.
 Summon Demon             Summ           #.........   99%         5    ######.
 Summon Forest            Summ/Tloc      #.........   99%         5    ######.
 Summon Mana Viper        Hex/Summ       #.......     99%         5    ######.
 Bolt of Cold             Conj/Ice       #.........   100%        6    #######
 Conjure Ball Lightning   Conj/Air       #.........   100%        6    #######
 Deflect Missiles         Chrm/Air       #.........   100%        6    #######
 Freezing Cloud           Conj/Ice/Air   #.........   100%        6    #######
 Ozocubu's Refrigeration  Ice            #.........   100%        6    #######
 Shadow Creatures         Summ           N/A          100%        6    #######
 Simulacrum               Ice/Necr       #.........   100%        6    #######
 Ignition                 Fire           #.........   100%        8    #######
 Shatter                  Erth           #.........   100%        9    #######
 Tornado                  Air            #.........   100%        9    #######


Dungeon Overview and Level Annotations

Branches:
Dungeon (15/15)            Temple (1/1) D:5            Lair (6/6) D:8
  Swamp (4/4) Lair:4        Snake (0/4) Lair:4        Slime (0/5) Lair:6
    Orc (0/2) D:11         Vaults (0/5) D:14         Depths (0/5) D:15

Altars:
Ashenzari
Cheibriados
Dithmenos
Elyvilon
Fedhas
Gozag
Hepliaklqana
Kikubaaqudgha
Makhleb
Nemelex Xobeh
Okawaru
Qazlal
Ru
Sif Muna
Trog
Uskayaw
Vehumet
Wu Jian
Xom
Yredelemnul
Zin
The Shining One

Shops:
D:7 *   D:10 *   D:14 *

Portals:
Trove: D:10 (give +7 demon trident)

Annotations:
Lair:6 exclusion: 4 oklob plants
Swamp:4 Lernaean hydra


Innate Abilities, Weirdness & Mutations

You are resistant to torment.
Your stone body is resilient. (AC +12)
You are immune to poison.
Your large and strong wings let you fly indefinitely.
You resist negative energy. (rN+)
You are resistant to electric shocks. (rElec)
You can survive without breathing.
You are immune to petrification.
You are immune to rotting.


Message History

The 27-headed Lernaean hydra bites you but does no damage.
The 27-headed Lernaean hydra misses you.
The 27-headed Lernaean hydra bites you but does no damage.
The swamp dragon bites you but does no damage.
The swamp dragon closely misses you.
The swamp dragon tramples you but does no damage.
Unknown command.
You impale the 27-headed Lernaean hydra!!
The 27-headed Lernaean hydra is severely wounded.
The 27-headed Lernaean hydra bites you!
* * * LOW HITPOINT WARNING * * *
The 27-headed Lernaean hydra bites you but does no damage.
The 27-headed Lernaean hydra completely misses you.
The 27-headed Lernaean hydra bites you but does no damage. x2
You block the 27-headed Lernaean hydra's attack. x4
The 27-headed Lernaean hydra bites you but does no damage.
The 27-headed Lernaean hydra bites you.
* * * LOW HITPOINT WARNING * * *
The 27-headed Lernaean hydra bites you.
You die...

≈.≈♣.≈≈≈.vv≈≈≈≈≈≈≈...♣≈≈.≈≈≈§≈♣♣
♣≈♣♣♣≈...≈≈≈≈≈≈..≈≈..♣≈≈≈≈≈≈≈.≈♣♣
.. ♣≈.≈§....≈§≈.≈≈≈♣§..§≈≈≈≈≈....
♣♣v≈≈≈♣§.....≈♣≈.≈≈§≈≈≈≈≈≈≈≈≈≈
#....♣♣♣§≈≈..≈≈≈≈≈≈..≈≈≈≈≈≈≈≈≈
♣.≈?. ♣.♣♣≈..≈≈.D§≈..≈≈≈≈≈≈≈≈.
♣♣.#. ...≈≈≈≈≈≈.≈≈≈≈..§≈≈.....
≈... ♣≈.≈≈≈≈D..≈≈≈≈≈♣♣.≈.†≈≈≈
♣♣..≈ .≈≈≈≈§D@...≈≈≈§♣≈≈♣.≈≈≈≈
... ≈≈≈§≈.♣♣♣♣♣.≈..≈♣ ♣♣≈≈≈≈
≈≈≈.. ♣♣.≈≈≈♣♣♣♣)...≈ ≈≈≈.
♣.≈≈.≈≈.≈≈≈≈≈.≈ ≈≈.
♣♣.≈≈≈≈≈≈≈≈.♣.. ♣♣ ♣..[[≈.÷≈≈.♣..
♣♣♣♣♣♣♣≈≈≈.♣.≈≈)♣♣♣♣
♣.≈≈...≈≈≈.♣♣...♣ ♣♣
♣≈≈≈..≈.≈≈≈♣♣♣§♣♣♣♣)


You could see the 27-headed Lernaean hydra and 2 swamp dragons.

Vanquished Creatures
  Jorgrun (Swamp:2)
  Gastronok (Lair:1)
  A tentacled starspawn (Abyss:2)
  Frances (Swamp:2)
  4 thorn hunters
  Louise (Swamp:2)
  A very ugly thing (Swamp:3)
  Snorg (D:12)
  Josephine (D:12)
  15 hydras
  4 vault guards (D:14)
  3 ghost crabs
  The ghost of Huxoxzufuz the Blocker, a journeyman GnFi of Hepliaklqana (Lair:2)
  2 centaur warriors
  A shambling mangrove (Swamp:3)
  8 two-headed ogres
  8 alligators
  An ogre mage (D:15)
  A dancing weapon (Lair:2)
  Urug (D:12)
  3 thrashing horrors (Abyss:2)
  3 large abominations (Abyss:2)
  A sixfirhy (Abyss:2)
  A skeletal warrior (D:14)
  3 unseen horrors
  2 spriggan druids (Swamp:4)
  8 swamp dragons
  A glowing orange brain (D:15)
  Pikel (D:9)
  A harpy (shapeshifter) (D:15)
  15 ugly things
  A manticore (D:15)
  An apocalypse crab (Abyss:2)
  A smoke demon (Abyss:2)
  3 centaur zombies
  2 worldbinders (Abyss:2)
  3 black mambas
  11 spiny frogs
  2 eyes of devastation
  3 rime drakes
  A gargoyle (D:11)
  9 komodo dragons
  13 tyrant leeches
  2 ice devils (D:13)
  2 ancient zymes (Abyss:2)
  A queen bee (D:9)
  5 trolls
  9 polar bears
  24 blink frogs
  15 hippogriffs
  3 raiju (Abyss:2)
  15 hornets
  Prince Ribbit (D:6)
  Grinder (D:6)
  7 bog bodies
  A dream sheep (Lair:6)
  17 slime creatures
  4 shadows
  21 spriggans
  2 vampires
  A spriggan (shapeshifter) (D:15)
  3 wraiths (D:12)
  Sigmund (D:4)
  Grum (D:10)
  Eustachio (D:5)
  A water elemental (D:11)
  46 yaks
  2 wyverns
  10 hungry ghosts
  A steam dragon (Lair:4)
  7 vampire mosquitoes
  A basilisk (Lair:2)
  A chaos spawn (Abyss:2)
  A neqoxec (Abyss:2)
  Menkaure (D:7)
  15 insubstantial wisps
  4 nagas (Lair:4)
  2 soldier ants
  4 small abominations (Abyss:2)
  2 acid dragons
  15 swamp worms
  8 porcupines
  11 water moccasins
  A black bear (shapeshifter) (D:15)
  3 eyes of draining
  4 sky beasts
  15 ice beasts
  7 ogres
  10 swamp drakes
  A necrophage (D:6)
  15 orc warriors
  3 slaves (D:9)
  9 black bears
  11 centaurs
  26 wolves
  8 boggarts
  21 crocodiles
  2 big kobolds
  20 bullfrogs
  4 scorpions
  A wyvern skeleton (D:15)
  38 killer bees
  28 wights
  2 howler monkeys
  5 electric eels
  8 crimson imps
  2 bullfrog zombies (D:12)
  2 quasits
  Crazy Yiuf (D:4)
  14 starcursed masses (Abyss:2)
  13 orc priests
  A hound (D:12)
  5 jellies
  A bullfrog skeleton (D:7)
  9 centaur skeletons
  An iguana (D:11)
  14 worker ants
  Natasha (thrice) (D:4)
  17 orc wizards
  2 hell rats (Lair:5)
  A hound zombie (D:7)
  A hound skeleton (D:7)
  A worker ant zombie (D:9)
  4 gnolls
  A howler monkey skeleton (D:7)
  12 adders
  8 river rats (Lair:5)
  4 shadow imps
  3 oozes
  An adder skeleton (D:5)
  8 worms
  A dart slug (D:1)
  6 leopard geckos
  85 orcs
  9 bats
  3 giant cockroaches
  9 hobgoblins
  6 jackals
  13 quokkas
  5 ball pythons
  2 frilled lizards
  6 goblins
  A jackal skeleton (D:4)
  14 kobolds
  7 rats
  A spectral orc (D:9)
  2 briar patches (Swamp:3)
956 creatures vanquished.

Vanquished Creatures (others)
  Nessos (D:13)
  A centaur warrior (D:13)
  An alligator (Swamp:4)
  Sonja (Lair:4)
  A large abomination (Abyss:2)
  A spriggan druid (Swamp:4)
  A swamp dragon (Swamp:3)
  A hornet (Swamp:2)
  A spriggan (Swamp:2)
  A neqoxec (Abyss:2)
  A slave (D:9)
  5 centaurs
  2 killer bees (D:11)
  A worker ant (D:9)
  An orc (D:11)
  A kobold (D:9)
  6 fungi
  14 plants
  8 starspawn tentacles (Abyss:2)
49 creatures vanquished.

Grand Total: 1005 creatures vanquished

Notes
Turn   | Place    | Note
-------+----------+-------------------------------------------
     0 | D:1      | poirepourri the Gargoyle Fighter began the quest for the
                  | Orb.
     0 | D:1      | Reached XP level 1. HP: 14/14 MP: 1/1
   254 | D:1      | Reached XP level 2. HP: 19/19 MP: 2/2
   403 | D:1      | Reached XP level 3. HP: 17/23 MP: 3/3
   940 | D:2      | Found a white marble altar of Elyvilon.
  1108 | D:2      | Reached XP level 4. HP: 28/28 MP: 4/4
  1521 | D:2      | Found an ornate altar of the Wu Jian Council.
  1773 | D:3      | Found a shattered altar of Ashenzari.
  1779 | D:3      | Reached skill level 5 in Maces & Flails
  1897 | D:3      | Reached XP level 5. HP: 32/32 MP: 5/5
  2547 | D:4      | Reached XP level 6. HP: 35/37 MP: 6/6
  2626 | D:4      | Noticed Natasha
  2645 | D:4      | Killed Natasha
  2726 | D:4      | Found a glowing drain.
  2754 | Sewer    | Entered a sewer
  2975 | D:4      | Found a runed translucent door.
  2976 | D:4      | Noticed Crazy Yiuf
  3018 | D:4      | Noticed Natasha
  3028 | D:4      | Killed Natasha
  3029 | D:4      | Reached XP level 7. HP: 28/41 MP: 7/7
  3054 | D:4      | Noticed Sigmund
  3067 | D:4      | Killed Sigmund
  3265 | D:4      | Found an ancient bone altar of Kikubaaqudgha.
  3352 | D:4      | Found a deep blue altar of Sif Muna.
  3412 | D:4      | Killed Crazy Yiuf
  3462 | D:4      | Noticed Natasha
  3470 | D:4      | Killed Natasha
  3479 | D:5      | Entered Level 5 of the Dungeon
  3518 | D:5      | Found a staircase to the Ecumenical Temple.
  3532 | Temple   | Entered the Ecumenical Temple
  4108 | D:5      | Reached XP level 8. HP: 26/46 MP: 8/8
  4191 | D:5      | Noticed Eustachio
  4209 | D:5      | Killed Eustachio
  4312 | D:5      | Found a hazy altar of Hepliaklqana.
  4390 | D:6      | Noticed Prince Ribbit
  4557 | D:6      | HP: 2/46 [Prince Ribbit (12)]
  4871 | D:6      | Killed Prince Ribbit
  4871 | D:6      | Reached skill level 10 in Maces & Flails
  4934 | D:6      | Noticed Grinder
  4939 | D:6      | Paralysed by Grinder for 4 turns
  4952 | D:6      | Killed Grinder
  5185 | D:6      | Reached XP level 9. HP: 51/51 MP: 9/9
  5253 | D:6      | Found an opulent altar of Gozag.
  5368 | D:6      | Found an iron altar of Okawaru.
  6729 | D:7      | Noticed Menkaure
  6738 | D:7      | Killed Menkaure
  6749 | D:7      | Found Qybity's Assorted Antiques.
  6757 | D:7      | Found a stormy altar of Qazlal.
  6790 | D:7      | Reached XP level 10. HP: 38/56 MP: 10/10
  6832 | D:7      | Found a snail-covered altar of Cheibriados.
  6842 | D:7      | Became a worshipper of Cheibriados the Contemplative
  7406 | D:8      | Reached * piety under Cheibriados
  7410 | D:8      | Reached skill level 4 in Fighting
  7472 | D:7      | Reached skill level 5 in Fighting
  7780 | D:8      | Reached skill level 6 in Fighting
  7878 | D:8      | Found a staircase to the Lair.
  7903 | D:8      | Reached ** piety under Cheibriados
  8088 | D:8      | Found a bloodstained altar of Trog.
  8191 | D:8      | Found a burning altar of Makhleb.
  8193 | D:8      | Found a radiant altar of Vehumet.
  8245 | D:9      | Reached skill level 7 in Fighting
  8290 | D:9      | Reached skill level 8 in Fighting
  8321 | D:9      | Reached skill level 9 in Fighting
  8321 | D:9      | Reached XP level 11. HP: 40/71 MP: 11/11
  8355 | D:9      | Reached *** piety under Cheibriados
  8365 | D:9      | Reached skill level 10 in Fighting
  8769 | D:9      | Reached **** piety under Cheibriados
  8814 | D:9      | Noticed Pikel
  8829 | D:9      | Killed Pikel
  8829 | D:9      | Reached skill level 11 in Fighting
  8897 | D:9      | Found a basalt altar of Yredelemnul.
  9226 | D:10     | Entered Level 10 of the Dungeon
  9226 | D:10     | Found Betuxal's Assorted Antiques.
  9226 | D:10     | Noticed Grum
  9247 | D:10     | Killed Grum
  9295 | D:10     | Bought a scroll of identify for 78 gold pieces
  9295 | D:10     | Bought a scroll of enchant weapon for 292 gold pieces
  9373 | D:10     | Noticed a two-headed ogre
  9380 | D:10     | Killed a two-headed ogre
  9394 | D:10     | Noticed a two-headed ogre
  9400 | D:10     | Killed a two-headed ogre
  9400 | D:10     | Reached skill level 12 in Fighting
  9431 | D:10     | Noticed a two-headed ogre
  9438 | D:10     | Killed a two-headed ogre
  9438 | D:10     | Reached ***** piety under Cheibriados
  9642 | D:10     | Found a portal to a secret trove of treasure.
  9733 | D:10     | Reached skill level 13 in Fighting
  9978 | D:11     | Reached XP level 12. HP: 79/84 MP: 12/12
 10265 | D:11     | Reached ****** piety under Cheibriados
 10522 | D:11     | Reached skill level 14 in Fighting
 11106 | D:11     | Found a staircase to the Orcish Mines.
 11414 | D:12     | Noticed Urug
 11429 | D:12     | Killed Urug
 11453 | D:12     | Reached skill level 15 in Fighting
 11534 | D:12     | Noticed a two-headed ogre
 11545 | D:12     | Killed a two-headed ogre
 11659 | D:12     | Noticed Josephine
 11666 | D:12     | Killed Josephine
 11666 | D:12     | Reached skill level 16 in Fighting
 11687 | D:12     | You fall through a shaft!
 11797 | D:13     | Noticed Nessos
 11801 | D:13     | Killed Nessos
 11801 | D:13     | Reached skill level 5 in Shields
 11801 | D:13     | Reached XP level 13. HP: 79/93 MP: 13/13
 12041 | D:13     | Found a frozen archway.
 12145 | IceCv    | Entered an ice cave
 13768 | D:14     | Found a gate to the Vaults.
 13768 | D:14     | Noticed a vault guard
 13768 | D:14     | Noticed a vault guard
 13768 | D:14     | Noticed a vault guard
 13768 | D:14     | Noticed a vault guard
 13785 | D:14     | Reached skill level 10 in Shields
 13798 | D:14     | Killed a vault guard
 13807 | D:14     | Killed a vault guard
 13814 | D:14     | Killed a vault guard
 13821 | D:14     | Killed a vault guard
 14383 | D:14     | Found Yheryomm's Assorted Antiques.
 14391 | D:14     | Bought a potion of heal wounds for 145 gold pieces
 14557 | D:15     | Entered Level 15 of the Dungeon
 14680 | D:15     | Gained mutation: Your large and strong wings let you fly
                  | indefinitely. [Gargoyle growth]
 14680 | D:15     | Reached XP level 14. HP: 81/100 MP: 14/14
 15734 | D:15     | Reached skill level 15 in Shields
 15829 | D:15     | Found a staircase to the Depths.
 16293 | D:12     | Found a shadowy altar of Dithmenos.
 16444 | D:12     | Noticed Snorg
 16459 | D:12     | Killed Snorg
 16756 | Lair:1   | Entered Level 1 of the Lair of Beasts
 17177 | Lair:1   | Noticed Gastronok
 17190 | Lair:1   | Killed Gastronok
 17190 | Lair:1   | Reached skill level 5 in Armour
 17704 | Lair:2   | Found a runed translucent door.
 17705 | Lair:2   | Found a shimmering altar of Xom.
 17705 | Lair:2   | Noticed Huxoxzufuz's ghost (journeyman GnFi)
 17722 | Lair:2   | Killed Huxoxzufuz's ghost
 17856 | Lair:2   | Reached XP level 15. HP: 104/104 MP: 15/15
 19258 | Lair:4   | Found a gate leading to a gauntlet.
 19320 | Lair:4   | Found a staircase to the Snake Pit.
 19373 | Lair:4   | Reached skill level 10 in Armour
 19444 | Lair:4   | Found a staircase to the Swamp.
 19495 | Lair:4   | Noticed Sonja
 19502 | Lair:4   | Killed Sonja
 20730 | Lair:6   | Entered Level 6 of the Lair of Beasts
 20939 | Lair:6   | Found a staircase to the Slime Pits.
 21392 | Lair:6   | Got a faintly glowing golden ring
 22156 | Swamp:1  | Entered Level 1 of the Swamp
 22195 | Swamp:1  | Identified the cursed ring of Zeshyrphybbi {-Tele +Fly EV-2
                  | Slay+3} (You found it on level 6 of the Lair of Beasts)
 22878 | Swamp:2  | Reached XP level 16. HP: 103/110 MP: 16/16
 22908 | Swamp:2  | Noticed Louise
 22909 | Swamp:2  | Cast into level 2 of the Abyss (Louise)
 23039 | Abyss:2  | Paralysed by accursed screaming for 1 turns
 23053 | Abyss:2  | Noticed a tentacled starspawn
 23075 | Abyss:2  | Killed a tentacled starspawn
 23253 | Abyss:2  | Reached skill level 15 in Armour
 23337 | Swamp:2  | Escaped the Abyss
 23337 | Swamp:2  | Noticed Frances
 23376 | Swamp:2  | Noticed Jorgrun
 23379 | Swamp:2  | HP: 2/110 [Jorgrun/+0 quarterstaff of crushing (6)]
 23499 | Swamp:2  | Killed Jorgrun
 23499 | Swamp:2  | Reached skill level 1 in Dodging
 23793 | Swamp:2  | Got a steaming scale mail
 23804 | Swamp:2  | Identified the +5 scale mail of Kotegaomnuff {rPois} (You
                  | found it on level 2 of the Swamp)
 24106 | Swamp:2  | Killed Frances
 24172 | Swamp:2  | Killed Louise
 24549 | Swamp:3  | Noticed a thorn hunter
 24555 | Swamp:3  | Killed a thorn hunter
 24555 | Swamp:3  | Reached skill level 5 in Dodging
 24779 | Swamp:3  | Noticed a thorn hunter
 24793 | Swamp:3  | Killed a thorn hunter
 25327 | Swamp:4  | Entered Level 4 of the Swamp
 25736 | Swamp:4  | Noticed a thorn hunter
 26195 | Swamp:4  | Reached XP level 17. HP: 115/115 MP: 17/17
 26287 | Swamp:4  | Noticed the 27-headed Lernaean hydra
 27192 | Swamp:4  | HP: 4/115 [the 27-headed Lernaean hydra (4)]
 27192 | Swamp:4  | Slain by the 27-headed Lernaean hydra

Skill      XL: |  1  2  3  4  5  6  7  8  9 10 11 12 13 14 15 16 17 |
---------------+----------------------------------------------------+-----
Maces & Flails | 3 4 5 6 7 9 11 13 14 | 14.0
Fighting       | 9 13 16 | 16.1
Shields        | 5 12 15 | 15.4
Armour         | 7 13 15 | 15.3
Dodging        | 7 9 |  9.7

Action                   |  1- 3 |  4- 6 |  7- 9 | 10-12 | 13-15 | 16-18 || total
-------------------------+-------+-------+-------+-------+-------+-------++-------
Melee: Flail             |   126 |   241 |   385 |   152 |       |       ||   904
       Morningstar       |       |       |       |   564 |       |       ||   564
       Eveningstar       |       |       |       |    87 |  1188 |   658 ||  1933
Throw: Tomahawk          |       |       |       |    28 |       |       ||    28
       Throwing net      |       |       |       |     2 |       |       ||     2
Invok: Temporal Distorti |       |       |       |       |     1 |       ||     1
       Slouch            |       |       |       |       |       |     4 ||     4
 Abil: Fly               |       |       |       |       |       |     1 ||     1
       Stop Flying       |       |       |       |       |       |     1 ||     1
Evoke: Wand              |       |       |     2 |     5 |     4 |    13 ||    24
       Phantom mirror    |       |       |       |       |       |     1 ||     1
  Use: Scroll            |     2 |     2 |    11 |     8 |    25 |    14 ||    62
       Potion            |       |       |     8 |     2 |     1 |    11 ||    22
 Stab: Paralysed         |       |       |     2 |     2 |       |       ||     4
  Eat: Ration            |     1 |     1 |     4 |     7 |     7 |     4 ||    24
       Chunk             |       |       |     4 |       |       |       ||     4
Armor: Scale mail        |    64 |   148 |   240 |   508 |   564 |   376 ||  1900
       Skin              |       |       |    15 |       |       |       ||    15
Dodge: Dodged            |    46 |    84 |   123 |   245 |   259 |   381 ||  1138
Block: Shield            |    67 |   122 |   186 |   787 |  1517 |  1003 ||  3682
       Reflection        |       |       |       |    37 |    39 |    31 ||   107
